cohdb
Replays
Latest Replays
All Replays
Popular Replays
Top Player Replays
Match Explorer
How It Works
Community
CoH3 Stats
Reddit
Sign in to upload your games and track your stats! →
Sign in with Steam
Match 45709404
Unlisted
Match 45709404
Overview
Messages
Build Orders
End
Scout Squad
Engineer Squad
Engineer Squad
Construct Weapon Support Center
M1919 Machine Gun Team
M1919 Machine Gun Team
Infantry Support Center
M3 Armored Personnel Carrier
Selects Armored Battlegroup
Selects Fast Deploy
Selects Veteran Crews
Construct Medical Station
Bazooka Squad
M3 Armored Personnel Carrier
Bazooka Squad
Selects M8 Scott SPG
M8 Scott SPG
M8 Scott SPG
M8 Scott SPG
Improved M9 Bazooka Rockets
M3 Armored Personnel Carrier
Selects M31 Recovery Vehicle
M31 Recovery Vehicle
Bazooka Squad
Nostalgi@
Callsign: "Clowndog Zulu"
0
0
Comments
sign in to comment!
No comments posted yet!